[Event "Charlotte Summer IM D 2022"]
[Site "Charlotte"]
[Date "2022.07.28"]
[Round "9.1"]
[White "Levine, Joseph"]
[Black "Bacus, Dharim"]
[Result "1/2-1/2"]
[ECO "C29"]
[WhiteElo "2294"]
[BlackElo "2227"]
[Annotator "TA"]
[PlyCount "64"]
[EventDate "2022.07.24"]
[EventType "tourn"]
[EventCountry "USA"]
[SourceTitle "playchess.com"]
[Source "ChessBase"]
[SourceQuality "1"]
[TimeControl "5400+30"]

1. e4 e5 2. Nc3 Nf6 3. f4 d5 4. fxe5 Nxe4 5. Qf3 Nxc3 6. bxc3 Qh4+ {[%emt 0:00:00] 6...c5 gains popularity.} 7. g3 {[%emt 0:00:00] C29: Vienna Game: 2...Nf6 3 f4.} Qe4+ 8. Qxe4 dxe4 9. Bg2 {[%emt 0:00:00] White has an edge.} Nc6 10. Bxe4 Nxe5 {[%emt 0:00:00] [#]} 11. d3 $146 ({Predecessor:} 11. Rb1 Bd6 12. Nf3 Nxf3+ 13. Bxf3 O-O 14. d3 Rb8 15. Be3 b6 16. Bc6 Bb7 17. Bxb7 Rxb7 {0-1 (69) Romanov,E (2599)-Rakhmanov,A (2651) Cheboksary 2021}) 11... Bd6 12. Ne2 f5 13. Bg2 c6 14. Rb1 O-O (14... Kd7 $11) 15. Nd4 (15. Bf4 $16) 15... Ng6 $11 16. O-O f4 17. gxf4 (17. Ne2 $5 ) 17... Nxf4 18. Bxf4 (18. Be4 {with more complications.} Bh3 19. Rf3 Bg4 20. Bxf4 Bxf4 21. Rff1) 18... Bxf4 19. Kh1 Bd6 20. Rfe1 Rb8 21. a4 Bd7 22. Rb2 Rbe8 23. Rxe8 Rxe8 24. Be4 $1 Bc8 25. Kg2 (25. Bf5 $11 {keeps the balance.}) 25... g6 26. Rb1 Re5 27. Nf3 Ra5 28. Re1 Bd7 ({Stronger than} 28... Rxa4 29. Bxc6 Rg4+ 30. Kf2 $15) 29. Ra1 ({White should try} 29. Rb1) 29... Kg7 30. h4 (30. c4 $17 {is a better defense.}) 30... Bg4 (30... b5 $19 {and Black stays clearly on top.} 31. Rb1 Rxa4) 31. Rb1 Bc8 {[%emt 0:00:00] A strong pair of Bishops.} 32. Ra1 Bg4 {[%emt 0:00:00] Weighted Error Value: White=0.18 (very precise) /Black=0.13 (very precise)} (32... Rc5 $17 33. c4 Be7) 1/2-1/2

[Event "Charlotte Summer IM D 2022"]
[Site "Charlotte"]
[Date "2022.07.28"]
[Round "9.2"]
[White "Vigorito, David"]
[Black "Bisiriyu-Salam, Oluwaseun"]
[Result "1-0"]
[ECO "E18"]
[WhiteElo "2295"]
[BlackElo "1992"]
[Annotator "TA"]
[PlyCount "67"]
[EventDate "2022.07.24"]
[EventType "tourn"]
[EventCountry "USA"]
[SourceTitle "playchess.com"]
[Source "ChessBase"]
[SourceQuality "1"]
[TimeControl "5400+30"]

1. Nf3 d5 2. d4 Nf6 3. c4 e6 4. g3 Be7 5. Bg2 O-O 6. O-O b6 7. Nc3 Bb7 8. Ne5 {[%emt 0:00:00] 8.cxd5 deserves study.} Nbd7 9. Qa4 Nb8 {[%emt 0:00:00] Prevents Nc6. E18: Queen's Indian: Old Main Line (4 g3 Bb7 5 Bg2 Be7 6 0-0 0-0 7 Nc3).} (9... c6 $1 $11 {keeps the balance.}) 10. Rd1 $16 a6 11. cxd5 exd5 (11... Nxd5 $14 12. Nxd5 exd5) 12. Bf4 b5 13. Qb3 {[%emt 0:00:00] [#]} c6 $146 ({Predecessor:} 13... Ne4 14. Rac1 Nxc3 15. Rxc3 c6 16. e4 dxe4 17. Bxe4 Bd6 18. Be3 Qe7 19. Qc2 h6 20. Nxc6 Bxc6 21. Bxc6 Nxc6 22. Rxc6 {1-0 (38) Vodyasov,E (2223)-Tsapalin,S (1958) Velke Losiny 2013}) 14. e4 {[%emt 0:00:00] White is much more active.} dxe4 15. Nxe4 ({But not} 15. Bxe4 Nxe4 16. Nxe4 Qd5 $14) 15... Nd5 16. Bd2 Nd7 17. Ba5 Qe8 ({Black should play} 17... Qxa5 $14 18. Nxd7 Rfd8) 18. Nd3 f5 {[%emt 0:00:00] [#]} 19. Nc3 N7f6 (19... Qf7 $142 20. Nxd5 cxd5) 20. Re1 $18 Qd7 21. Ne5 Qd6 22. Rac1 {[%emt 0:00:00][%cal Ba1c1,Bc1c7,Bc7d7][%mdl 32] Hoping for a3.} Kh8 (22... Rae8 $142 23. Na4 Bd8) 23. Nxd5 Nxd5 (23... cxd5 $142 24. a3 (24. Rc7 Bd8 $18) 24... Qb8) 24. Bxd5 {[%emt 0:00:00] White is clearly winning.} cxd5 25. Rc7 Bd8 26. Rd7 Qxd7 27. Nxd7 Bxa5 28. Nxf8 Bxe1 29. Qe3 Bb4 30. Nd7 Rd8 (30... Bc6 $142 31. Qe6 Bxd7 32. Qxd7 f4) 31. a3 Ba5 32. b4 Bc7 33. Qe7 {[%emt 0:00:00] [#] Ne5 is the strong threat.} Rc8 34. Nc5 {[%emt 0:00:00] Weighted Error Value: White=0.24 (precise) /Black=0.54} 1-0

[Event "Charlotte Summer IM D 2022"]
[Site "Charlotte"]
[Date "2022.07.28"]
[Round "9.3"]
[White "Oberoi, Shelev"]
[Black "Canty, James"]
[Result "0-1"]
[ECO "C10"]
[WhiteElo "2259"]
[BlackElo "2175"]
[Annotator "TA"]
[PlyCount "66"]
[EventDate "2022.07.24"]
[EventType "tourn"]
[EventCountry "USA"]
[SourceTitle "playchess.com"]
[Source "ChessBase"]
[SourceQuality "1"]
[TimeControl "5400+30"]

1. e4 e6 2. d4 d5 3. Nc3 Be7 4. Bf4 Nf6 5. e5 Nfd7 {[%emt 0:00:06] [#]} 6. h4 $146 {[%emt 0:06:51] C10: French with 3 Nc3: Unusual Black 3rd moves and 3...dxe4.} ({Predecessor:} 6. Qg4 Kf8 7. h4 h5 8. Qg3 a6 9. Nf3 c5 10. Be2 Nc6 11. dxc5 Nxc5 12. O-O {1-0 (63) Osmonbekov,T (2136)-Hartikainen,J (2133) Chess.com INT 2021}) 6... c5 7. dxc5 (7. Qg4 $5 Kf8 8. Be3 $11) 7... Nc6 (7... O-O $1 $15) 8. Qg4 $11 {[%emt 0:02:13] The position is equal.} Ndxe5 (8... g6 $11) 9. Qxg7 $16 Bf6 10. Qg3 Qa5 {[#]} 11. Bb5 (11. O-O-O $1 $16) 11... Bd7 $132 {[%emt 0:00:00][%mdl 2048] Hoping for ...d4. Black is not keeping still} 12. O-O-O O-O-O $1 13. Bg5 Rdg8 $1 14. Qf4 Bg7 15. Qa4 Qxa4 16. Bxa4 (16. Nxa4 $11 h6 17. Bd2 (17. Bf4 Ng4 $11)) 16... h6 (16... f6 $5 17. Bf4 Bf8 $15) 17. Bf4 Bf8 18. b4 Nc4 ({Don't take} 18... Rxg2 19. b5 $11) 19. Bxc6 Bxc6 20. Nge2 {[%emt 0:06:03] [#]} (20. Nf3 $17 {is a better defense.}) 20... a5 $1 $19 ({Inferior is} 20... Rxg2 21. Bg3 $17) 21. b5 Bd7 22. Rd4 (22. Bg3 $142) 22... Bxc5 23. Rxc4 dxc4 24. Be5 Rh7 ({Reject} 24... Bxf2 $6 25. Ne4 f6 26. Bxf6 Be3+ 27. Kb2 $15) 25. Ne4 (25. g3 $17 {was necessary.}) 25... Ba3+ 26. Kd2 Bxb5 27. Ke3 (27. Nd4 {keeps fighting.} Rd8 28. Bf6) 27... Rd8 (27... Rxg2 $19 {...Bc6 is the strong threat.} 28. Nd4 Ba4) 28. Nd4 Ba4 {[%emt 0:00:00] White must now prevent ...f5.} 29. Rb1 (29. Bf6 $142) 29... f5 30. Nc3 Be8 31. Kf3 $2 (31. Kf4 {was worth a try.}) 31... Bb4 {[%emt 0:00:00] Black is clearly winning.} 32. Nce2 Rd5 33. Kf4 Bd2+ {[%emt 0:00:00] Weighted Error Value: White=0.47/Black=0.18 (very precise)} 0-1

[Event "Charlotte Summer IM D 2022"]
[Site "Charlotte"]
[Date "2022.07.28"]
[Round "9.4"]
[White "Leyva Rivera, Yunier"]
[Black "Martin Del Campo Cardenas, Roberto Abel"]
[Result "1/2-1/2"]
[WhiteElo "2379"]
[BlackElo "2245"]
[Annotator "TA"]
[PlyCount "37"]
[EventDate "2022.07.24"]
[EventType "tourn"]
[EventCountry "USA"]
[SourceTitle "playchess.com"]
[Source "ChessBase"]
[SourceQuality "1"]
[TimeControl "5400+30"]

1. b3 d5 2. Bb2 c5 3. e3 Nc6 4. Nf3 Nf6 5. Bb5 Bd7 6. O-O e6 7. Bxc6 Bxc6 8. Ne5 Rc8 9. f4 Be7 10. d3 {[%emt 0:00:03] [#] Not much happened in this game. A03: Bird's Opening with 1...d5.} {Predecessor:} O-O $146 11. Nd2 Be8 12. Ndf3 Nd7 13. Nxd7 Bxd7 14. c4 b5 15. Ne5 Be8 16. Qe2 f6 17. Nf3 bxc4 18. bxc4 Qb6 19. Bc3 {1-0 (76) Dragomirescu,R (2337)-Postny,E (2600) Chess.com INT 2020} 1/2-1/2

[Event "Charlotte Summer IM D 2022"]
[Site "Charlotte"]
[Date "2022.07.28"]
[Round "9.5"]
[White "Wen, Teddie"]
[Black "Chasin, Nico"]
[Result "0-1"]
[ECO "E11"]
[WhiteElo "2234"]
[BlackElo "2285"]
[Annotator "TA"]
[PlyCount "64"]
[EventDate "2022.07.24"]
[EventType "tourn"]
[EventCountry "USA"]
[SourceTitle "playchess.com"]
[Source "ChessBase"]
[SourceQuality "1"]
[TimeControl "5400+30"]

1. d4 Nf6 2. c4 e6 3. Nf3 Bb4+ 4. Bd2 a5 5. g3 O-O 6. Bg2 d5 7. a3 Be7 8. Qc2 c6 9. O-O Nbd7 10. Bf4 {[%emt 0:03:57] E11: Bogo-Indian.} b6 {[%emt 0:03:25] [#]} 11. Ne5 $146 ({Predecessor:} 11. cxd5 cxd5 12. Nc3 Ba6 13. a4 Rc8 14. Qd1 Rc4 15. Rc1 Qa8 16. b3 Rc6 17. Nb5 Rxc1 18. Qxc1 {½-½ (44) Andreikin,D (2729)-Le,Q (2709) Chess.com INT 2022}) 11... Nxe5 12. Bxe5 {[%emt 0:04:03] Black has an edge.} Ba6 13. Nd2 Ng4 14. Rfd1 f6 15. Bf4 {[%emt 0:01:24] [#]} g5 (15... e5 $1 $17 16. h3 exf4 17. hxg4 fxg3 18. fxg3 Qd7) 16. Bh3 $15 gxf4 17. Bxg4 f5 $36 {[%emt 0:00:14][%mdl 2048] Black is more active.} 18. Bh3 Bd6 19. c5 (19. e3 $11 {keeps the balance.}) 19... bxc5 $17 (19... Bxe2 $2 20. Re1 (20. cxd6 Bxd1 21. Qxd1 Qxd6 $14) 20... Bh5 21. cxd6 Qxd6 22. Rac1 $18) 20. dxc5 Bc7 (20... Bxe2 $2 21. Re1 (21. cxd6 Bxd1 22. Rxd1 Qxd6 $14) 21... Bg4 22. Bxg4 $18 (22. cxd6 Bxh3 23. Rxe6 Qd7 $16)) 21. Nf3 Qf6 22. Nd4 Qh6 23. Bg2 fxg3 24. hxg3 (24. fxg3 $17 {was the only chance.} f4 25. Qd2) 24... f4 $19 25. g4 (25. Qd2 Qg6 26. g4 (26. Nxc6 $2 Rf7 $19)) 25... f3 26. Nxf3 {[%emt 0:02:11] [#]} Rxf3 $1 {[%emt 0:00:14][%mdl 576] Clearance} 27. Bxf3 Rf8 {[%emt 0:01:40][%cal Of8f3] ( -> ...Rxf3!)} 28. Bg2 Qh2+ 29. Kf1 {[%emt 0:00:37][%cal Od1d3] Loses the game.} Bg3 {[%emt 0:00:05] Black mates.} 30. f3 {[%emt 0:02:02] [#]} Rxf3+ $3 31. Bxf3 Bf2 {[%emt 0:00:04][%csl Gf2][%cal Rh2g1] A strong pair of Bishops.} 32. Bg2 Qg1# {[%emt 0:00:03] Weighted Error Value: White=0.77/Black=0.21 (precise)} 0-1